 Dungeon Crawl Stone Soup version 0.18-a0-1577-gf591c28 (webtiles) character file.

55 M4edhros the Sneak (level 3, -3/23 HPs)
             Began as an Octopode Artificer on Mar 19, 2016.
             Slain by a hobgoblin
             ... wielding a cursed -3 club
             ... led by Robin
              (7 damage)
             ... on level 2 of the Dungeon.
             The game lasted 00:01:12 (1009 turns).

M4edhros the Sneak (Octopode Artificer)             Turns: 1009, Time: 00:01:12

Health: -3/23      AC:  1    Str: 15    XL:     3   Next: 93%
Magic:  0/5        EV: 13    Int: 15    God:
Gold:   71         SH:  0    Dex: 12    Spells: 0 memorised, 2 levels left

rFire  . . .     SeeInvis .     a - +0 short sword
rCold  . . .     Gourm    .     (no shield)
rNeg   . . .     Faith    .     (helmet restricted)
rPois  .         Spirit   +     h - amulet of guardian spirit
rElec  .         Dismiss  .     (no ring)
rCorr  .         Reflect  .     (no ring)
SustAt .         Harm     .     (no ring)
MR     .....                    (no ring)
Stlth  ++++......               (no ring)
                                (no ring)
                                (no ring)
                                (no ring)

@: mighty, very slightly contaminated, hasted, very quick, not resistant to
hostile enchantments, stealthy
A: almost no armour, amphibious, 8 rings, constrict 8, camouflage 1, gelatinous
body 1
a: no special abilities


You were on level 2 of the Dungeon.
You were not hungry.

You visited 1 branch of the dungeon, and saw 2 of its levels.

You collected 71 gold pieces.

Inventory:

Hand Weapons
 a - a +0 short sword (weapon)
 j - a +0 hunting sling
Missiles
 m - 50 stones (quivered)
 n - 7 javelins
Jewellery
 h - an amulet of guardian spirit (around mantle)
Wands
 b - a wand of flame (15/48)
 c - a wand of enslavement (15/24)
 d - a wand of random effects (15/48)
Scrolls
 e - a scroll of fog {unknown}
 i - 3 scrolls of remove curse {unknown}
 k - a scroll of enchant armour {unknown}
 o - 3 scrolls of identify {unknown}
 q - a scroll of amnesia {unknown}
Comestibles
 f - 2 bread rations
 l - a slice of pizza


   Skills:
 - Level 1.0 Fighting
 - Level 1.0 Short Blades
 + Level 3.2 Dodging
 + Level 3.7 Stealth
 - Level 3.2 Evocations


You had 2 spell levels left.
You didn't know any spells.

Dungeon Overview and Level Annotations

Branches:
Dungeon (2/15)

Altars:
Nemelex Xobeh


Innate Abilities, Weirdness & Mutations

You cannot wear most types of armour.
You are amphibious.
You can wear up to eight rings at the same time.
You can use your tentacles to constrict eight enemies at once.
Your skin changes colour to match your surroundings (Stealth).
Your rubbery body absorbs attacks (AC +1).


Message History

You hit the goblin.
You kill the goblin!
There is a sparkling altar of Nemelex Xobeh here.
Items here: ( ) } † a hunting sling; 13 stones; a plain deck of cards; a goblin corpse You hit the goblin.
You kill the goblin!
The hobgoblin hits you but does no damage.
There is a sparkling altar of Nemelex Xobeh here.
Items here: ( ) } † a hunting sling; 13 stones; a plain deck of cards; a goblin corpse A hobgoblin comes into view.
It is wielding a club.
Drink which item? (? for menu, Esc to quit)
You can't drink that!
Drink which item? (? for menu, Esc to quit)
It was a potion of might.
You feel very mighty all of a sudden.
You closely miss the hobgoblin. You grab the hobgoblin.
You constrict the hobgoblin. The hobgoblin hits you with a club!
You die...

###.###.#..# #.####.#
#)..#.##.#####.......
###.#.......$.....#
#.............#.#
####.......#g##
#.......#.#
#.......#.#
#.......#.#
#.......#@#
#.......#g#
.......#g# #g#
#..)?g.# ....#..)#
#.....#...# #.#.#.#
..# #.#...# ###


You could see 2 hobgoblins and 2 goblins.

Vanquished Creatures
  Robin (D:2)
  A worm (D:2)
  A dart slug (D:1)
  A giant gecko (D:1)
  A ball python (D:1)
  A giant cockroach (D:1)
  7 goblins
  4 hobgoblins
  6 jackals
  7 bats
  A giant newt (D:1)
  5 kobolds (D:1)
  A rat (D:2)
37 creatures vanquished.

Notes
Turn   | Place    | Note
--------------------------------------------------------------
     0 | D:1      | M4edhros the Octopode Artificer began the quest for the Orb.
     0 | D:1      | Reached XP level 1. HP: 13/13 MP: 3/3
    57 | D:1      | Reached XP level 2. HP: 13/18 MP: 4/4
   490 | D:1      | Reached XP level 3. HP: 20/23 MP: 5/5
   974 | D:2      | Found a sparkling altar of Nemelex Xobeh.
   987 | D:2      | Noticed Robin
   997 | D:2      | Killed Robin
  1009 | D:2      | Slain by a hobgoblin

Vault maps used:
D:1:      arrival_zaba_pyramid
D:2:      nemelex_deck, uniq_robin

Skill      XL: |  1  2  3 |
---------------+----------+-----
Stealth        | 2 3 |  3.7
Dodging        | 3 |  3.2
Fighting       | |  1.0
Short Blades   | |  1.0
Evocations     | |  3.2

Action                   || total
-------------------------++-------
Melee: Short sword       ||    74
  Use: Potion            ||     2
 Stab: Sleeping          ||    11
